AoeStats
← _BeTo_

Golden Pit

510035025Analyzed
1v1 RM · 3d ago on Sep 29, 2026· 50m 13s· 2 players
Game mode
Random Map
Map size
Tiny (2 player)
Population
200
Speed
Normal
Resources
Standard
Victory
Conquest
Starting age
Dark Age
Ending age
Imperial Age
RankedLock teamsTeams togetherTeam positionsShared explorationLock speedFull tech treeHidden civsTurbo modeCheats
Victory
Defeat
🇨🇳 Danes · China
1661
+16
🇲🇽 Celts · Mexico
1666
-16
Hestia
6:14 Loom
8:42 Feudal Age
9:23 Double-Bit Axe
18:23 Padded Archer Armor
18:13 Fletching
22:56 Castle Age
23:35 Bloodlines
23:42 Bodkin Arrow
25:28 Husbandry
25:30 Padded Archer Armor
26:44 Ballistics
33:24 Wheelbarrow
32:35 Town Watch
34:05 Gold Mining
35:54 Bow Saw
36:27 Thumb Ring
39:38 Imperial Age
37:25 Hand Cart
36:56 Horse Collar
40:44 Bracer
41:00 Leather Archer Armor
43:15 Scale Mail Armor
43:28 Murder Holes
44:39 Chain Mail Armor
46:36 Chemistry
46:09 Plate Mail Armor
46:38 Gold Shaft Mining
45:53 Stone Mining
46:52 Cranequins
50:43 Forging
_BeTo_
7:11 Loom
9:43 Feudal Age
9:51 Man-at-Arms
12:50 Double-Bit Axe
20:05 Castle Age
19:58 Scale Mail Armor
20:27 Long Swordsman
20:54 Gambesons
22:31 Chain Mail Armor
23:06 Arson
25:12 Town Watch
27:15 Bow Saw
33:15 Wheelbarrow
34:05 Ballistics
36:58 Padded Archer Armor
38:58 Fletching
39:39 Bodkin Arrow
41:35 Murder Holes
45:45 Forging
Connection lost

Rejoining the realm…

Still unreachable

The connection could not be restored.

Session expired

The server has moved on; the page needs a fresh start.